 Dungeon Crawl Stone Soup version 0.30-a0-900-g23479c02f2 (webtiles) character file.

Game seed: 11291198938295216428

33 Pooter the Trooper (level 3, -1/33 HPs)
             Began as a Minotaur Berserker on Mar 19, 2023.
             Was a Believer of Trog.
             Slain by a black bear (5 damage)
             ... on level 2 of the Dungeon.
             The game lasted 00:05:00 (755 turns).

Pooter the Trooper (Minotaur Berserker)              Turns: 755, Time: 00:05:01

Health: -1/33      AC:  2    Str: 23    XL:     3   Next: 12%
Magic:  2/2        EV: 12    Int:  4    God:    Trog [**....]
Gold:   35         SH:  0    Dex:  9    Spells: 2/2 levels left

rFire   . . .      SeeInvis .    a - +0 hand axe
rCold   . . .      Faith    .    (no shield)
rNeg    . . .      Spirit   .    e - +0 animal skin
rPois   .          Reflect  .    (helmet restricted)
rElec   .          Rampage  .    (no cloak)
rCorr   .                        (no gloves)
Will    .....                    (no boots)
Stlth   +                        d - amulet of the acrobat
HPRegen 0.25/turn                (no ring)
MPRegen 0.08/turn                (no ring)

@: on berserk cooldown, slowed, very slow
A: horns 2, retaliatory headbutt
a: Renounce Religion, Berserk, Trog's Hand


You were on level 2 of the Dungeon.
You worshipped Trog.
Trog was pleased with you.
You visited 1 branch of the dungeon, and saw 2 of its levels.

You collected 35 gold pieces.

Inventory:

Hand Weapons
 a - a +0 hand axe (weapon)
 b - a +0 sling
   (You found it on level 1 of the Dungeon)
Missiles
 g - 5 boomerangs
 Q - 5 stones (quivered)
Armour
 e - a +0 animal skin (worn)
Jewellery
 d - an amulet of the acrobat (around neck)
   (You found it on level 1 of the Dungeon)
Scrolls
 c - a scroll of butterflies {unknown}
 i - a scroll of identify {unknown}
 j - a scroll of enchant weapon {unknown}
 t - a scroll of teleportation {@r4}
Potions
 f - a potion of flight {unknown}
 h - 3 potions of heal wounds {unknown}
 k - a potion of cancellation {unknown}


   Skills:
 * Level 4.2 Fighting
 + Level 4.0 Axes
 + Level 0.7 Ranged Weapons
 - Level 2.4 Armour
 - Level 2.1 Dodging
 * Level 1.2 Stealth


You had 2 spell levels left.
You didn't know any spells.
Your spell library was empty.

Dungeon Overview and Level Annotations

Branches:
Dungeon (2/15)

Altars:


Innate Abilities, Weirdness & Mutations

You have a pair of horns on your head.
You reflexively headbutt those who attack you in melee.


Message History

Trog accepts your kill.
You feel a strong urge to attack something.
You feel your anger nearly subside.
You are no longer berserk.
You are exhausted.
You feel yourself slow down. The endoplasm attacks as you move away!
The endoplasm misses you. The endoplasm completely misses you.
The endoplasm attacks as you move away! The endoplasm completely misses you.
The endoplasm freezes you.
You are frozen.
The black bear completely misses you. You furiously retaliate!
You headbutt the black bear. The black bear claws you.
The black bear completely misses you. The endoplasm freezes you.
You are frozen.
There is a stone staircase leading up here.
Okay, then.
You slash the black bear! You hit the endoplasm. The black bear bites you.
The black bear closely misses you. The black bear barely misses you.
The endoplasm freezes you.
You are frozen.
The black bear closely misses you. The black bear claws you.
The black bear closely misses you. The endoplasm freezes you.
You are frozen.
* * * LOW HITPOINT WARNING * * *
You hit the black bear but do no damage.
You hit the endoplasm.
You kill the endoplasm!
Trog accepts your kill. The black bear bites you.
* * * LOW HITPOINT WARNING * * *
The black bear claws you but does no damage. x2
The black bear bites you but does no damage.
The black bear claws you.
* * * LOW HITPOINT WARNING * * *
The black bear claws you.
* * * LOW HITPOINT WARNING * * *
Your Axes skill increases to level 4!
You completely miss the black bear.
You headbutt the black bear, but do no damage.
The black bear barely misses you. x2; The black bear claws you.
* * * LOW HITPOINT WARNING * * *
You barely miss the black bear.
The black bear bites you but does no damage.
The black bear closely misses you.
The black bear claws you but does no damage.
The black bear bites you.
* * * LOW HITPOINT WARNING * * *
The black bear completely misses you. The black bear claws you.
You die...

#.# .... #.# .... . #
#.# .....
#......#.#######.##....
$....................#
#......##.###........#
.....................#
........#.#....h@.#
..................##
[.#####.....(......#
.................#.....
...###.###.......#####.
##...#.....##..###
........###....#
##....#.###....####...
#..........##........


You could see a black bear.

Vanquished Creatures
  A ball python (D:1)
  7 endoplasms
  2 giant cockroaches (D:1)
  2 jackals (D:1)
  5 quokkas
  2 bats
  4 goblins
  2 kobolds
  3 rats
28 creatures vanquished.

Notes
Turn   | Place    | Note
-------+----------+-------------------------------------------
     0 | D:1      | Pooter the Minotaur Berserker began the quest for the Orb.
     0 | D:1      | Reached XP level 1. HP: 19/19 MP: 0/0
   226 | D:1      | Reached XP level 2. HP: 27/27 MP: 1/1
   398 | D:1      | Reached skill level 1 in Stealth
   726 | D:2      | Found a faded altar of an unknown god.
   731 | D:2      | Noticed a black bear
   733 | D:2      | Reached XP level 3. HP: 33/33 MP: 2/2
   733 | D:2      | Reached ** piety under Trog
   755 | D:2      | Slain by a black bear

Illustrated notes

Levels and vault maps discovered:
D:1:      tekkud_arrival_beachfront_property, layout_rooms,
          minmay_misc_feat_iff, roderic_nine_men_s_morris,
          kennysheep_minor_cross, minmay_misc_feat_alley, minmay_pentomino_z2
D:2:      layout_rooms, basic_ecumenical_altar, uniq_robin

Skill      XL: |  1  2  3 |
---------------+----------+-----
Fighting       | 4 |  4.2
Stealth        | 1 |  1.2
Axes           | 4 |  4.0
Ranged Weapons | |  0.7
Armour         | |  2.4
Dodging        | |  2.1

Action                     || total
---------------------------++-------
  Melee: Hand axe          ||    51
         Headbutt          ||     7
   Fire: Sling             ||    17
 Invoke: Berserk           ||     1
    Use: Scroll            ||     1
   Stab: Sleeping          ||     1
 Armour: Animal skin       ||     8
  Dodge: Dodged            ||    42

Table legend: (Time is in decaauts)
 A = Elapsed time spent in this place.
 B = Non-inter-level travel time spent in this place.
 C = Inter-level travel time spent in this place.
 D = Time resting spent in this place.
 E = Time spent auto-exploring this place.
 F = Levels seen in this place.
 G = Mean time per level.
                   A        B        C        D        E       F      G
               +--------+--------+--------+--------+--------+-----+--------+
         Total |    771 |    735 |     36 |      0 |    523 |   2 |  385.5 |
       Dungeon |    771 |    735 |     36 |      0 |    523 |   2 |  385.5 |
               +--------+--------+--------+--------+--------+-----+--------+

Top non-repeatable levels by time:
     D:1: 698 daAuts
     D:2: 72 daAuts
